 Dungeon Crawl Stone Soup version 0.28.0-62-gf88900778d (webtiles) character file.

Game seed: 14539712145363543149

21 hikkokomori the Digger (level 2, 15/15 HPs)
             Began as a Gargoyle Earth Elementalist on Feb 19, 2023.
             Got out of the dungeon alive.
             The game lasted 00:01:10 (642 turns).

hikkokomori the Digger (Gargoyle Earth Elementalist) Turns: 642, Time: 00:01:11

Health: 15/15      AC:  4    Str: 11    XL:     2   Next: 83%
Magic:  5/5        EV: 12    Int: 15    God:
Gold:   53         SH:  0    Dex: 10    Spells: 4/5 levels left

rFire   . . .      SeeInvis .   (no weapon)
rCold   . . .      Faith    .   (no shield)
rNeg    + . .      Spirit   .   b - +0 robe
rPois   ∞          Reflect  .   (no helmet)
rElec   +          Harm     .   (no cloak)
rCorr   .          Rampage  .   (no gloves)
Will    .....                   (no boots)
Stlth   ++........              (no amulet)
HPRegen 0.05/turn               (no ring)
MPRegen 0.09/turn               (no ring)

@: no status effects
A: sickness immunity, AC +2, negative energy resistance 1, electricity
resistance, torment resistance 1, petrification resistance
a: no special abilities


You escaped.
You visited 1 branch of the dungeon, and saw 1 of its levels.

You collected 53 gold pieces.

Inventory:

Missiles
 c - 57 stones
Armour
 b - a +0 robe (worn)
Scrolls
 a - a scroll of magic mapping {unknown}
 d - 4 scrolls of identify {unknown}


   Skills:
 - Level 1.8 Dodging
 + Level 2.5 Stealth
 + Level 2.2 Spellcasting
 - Level 1.1 Transmutations
 + Level 3.9 Earth Magic


You had 4 spell levels left.
You knew the following spells:

 Your Spells              Type           Power      Damage    Failure   Level
a - Sandblast             Erth           26%        2d8       4%          1

Your spell library contained the following spells:

 Spells                   Type           Power      Damage    Failure   Level
 Passwall                 Tmut/Erth      7%         N/A       12%         2
 Freeze                   Ice            4%         1d3       22%         1
 Stone Arrow              Conj/Erth      14%        3d7       28%         3
 Frozen Ramparts          Ice            2%         1d2       54%         3
 Petrify                  Tmut/Erth      9%         N/A       58%         4
 Hailstorm                Conj/Ice       1%         3d3       91%         4
 Fireball                 Conj/Fire      0%         3d3       99%         5
 Iskenderun's Battlesphe  Conj           1%         2d6       99%         5
 Conjure Ball Lightning   Conj/Air       0%         3x3d6     100%        6
 Orb of Destruction       Conj           0%         9d5       100%        7


Dungeon Overview and Level Annotations

Branches:
Dungeon (1/15)

Altars:


Innate Abilities, Weirdness & Mutations

You are immune to sickness and miasma.
Your stone body is resilient. (AC +2)
You are immune to poison.
You resist negative energy. (rN+)
You are resistant to electric shocks. (rElec)
You are resistant to unholy torment.
You are immune to petrification.


Message History

You pick up a book of Frost and begin reading...
You add the spells Freeze, Frozen Ramparts and Hailstorm to your library.
Found 2 boomerangs.
c - 60 stones (gained 16)
You now have 37 gold pieces (gained 5).
Found 27 bolts.
a - a scroll labelled PABBEE ICVISIU You now have 47 gold pieces (gained 10).
d - a scroll labelled CEGACY QAHY A giant cockroach comes into view.
A giant cockroach is nearby!
A giant cockroach is nearby!
The blast of sand hits the giant cockroach.
The giant cockroach is severely wounded.
The blast of sand hits the giant cockroach!
You kill the giant cockroach!
You can't see any susceptible monsters within range! (Use Z to cast anyway.)
You now have 53 gold pieces (gained 6).
You pick up a book of the Spheres and begin reading...
You add the spells Iskenderun's Battlesphere, Fireball, Conjure Ball Lightning and Orb of Destruction to your library.
d - 4 scrolls labelled CEGACY QAHY (gained 3)
A bat comes into view.
A bat is nearby!
A bat is nearby!
A bat is nearby!
The blast of sand hits the bat!
You kill the bat!
You can't see any susceptible monsters within range! (Use Z to cast anyway.)
Okay, then.
Save game and exit?
Welcome back, hikkokomori the Gargoyle Earth Elementalist.
Press ? for a list of commands and other information.
Magic restored.
There is an open door here.
There is a staircase leading out of the dungeon here.
You can't go down here!
Unknown command.
Unknown command.
Are you sure you want to leave the Dungeon?
This will make you lose the game!
You have escaped!

#.####.### #.#.###
...#...# #.....#
#.###.# #####.######
#.....# #.#.....#...
###.### #.#.###.#.##
#...# #...# #...#.
#.### ###.#.###.###.
#...### #...#.....#...
###.#@###.#########.##
#.....#...........#
###################
.............
#.........# #.
#.........# #.
#........)# #.
#.........# #.
########.........# #


There were no monsters in sight!

Vanquished Creatures
  A gnoll (D:1)
  A dart slug (D:1)
  A giant cockroach (D:1)
  A hobgoblin (D:1)
  2 jackals (D:1)
  2 bats (D:1)
  A rat (D:1)
9 creatures vanquished.

Notes
Turn   | Place    | Note
-------+----------+-------------------------------------------
     0 | D:1      | hikkokomori the Gargoyle Earth Elementalist began the quest
                  | for the Orb.
     0 | D:1      | Reached XP level 1. HP: 10/10 MP: 3/3
    36 | D:1      | Upgraded the game from 0.28.0-61-g67df4f89a8 to
                  | 0.28.0-62-gf88900778d
   270 | D:1      | Reached skill level 1 in Transmutations
   270 | D:1      | Reached XP level 2. HP: 15/15 MP: 0/5
   642 | D:$      | Got out of the dungeon alive.

Illustrated notes

Levels and vault maps discovered:
D:1:      elethiomel_arrival_maze, layout_basic, hangedman_decor_push,
          minivault_11

Skill      XL: |  1 |
---------------+----+-----
Transmutations | 1 |  1.1
Dodging        | |  1.8
Stealth        | |  2.5
Spellcasting   | |  2.2
Earth Magic    | |  3.9

Action                   || total
-------------------------++-------
 Cast: Sandblast         ||    13
Armor: Robe              ||     2
